 Dungeon Crawl Stone Soup version 0.31-a0-702-gf82c85558f (webtiles) character file.

Game seed: 631135559747373833

119 qw the Shooter (level 5, -4/32 HPs)
             Began as a Gargoyle Hunter on Sept 7, 2023.
             Slain by a gnoll
             ... wielding a +0 spear
             ... led by a gnoll bouda
              (5 damage)
             ... on level 4 of the Dungeon.
             The game lasted 00:00:45 (2169 turns).

qw the Shooter (Gargoyle Hunter)                    Turns: 2169, Time: 00:00:45

Health: -4/32      AC: 11    Str: 15    XL:     5   Next: 3%
Magic:  0/5        EV: 11    Int:  9    God:
Gold:   109        SH:  0    Dex: 15    Spells: 4/4 levels left

rFire   . . .        Y - +0 shortbow
rCold   . . .        (shield currently unavailable)
rNeg    + . .        a - +0 ring mail
rPois   inf          l - +1 helmet
rElec   +            (no cloak)
rCorr   .            (no gloves)
SInv    .            (no boots)
Will    .....        d - amulet of guardian spirit
Stlth   +            (no ring)
HPRegen 0.25/turn    (no ring)
MPRegen 0.09/turn

%: guardian spirit
@: no status effects
A: sickness immunity, AC +4, negative energy resistance 1, electricity
resistance, torment resistance 1, petrification resistance
a: no special abilities


You were on level 4 of the Dungeon.
You visited 1 branch of the dungeon, and saw 4 of its levels.

You collected 145 gold pieces.
You spent 36 gold pieces at shops.


Innate Abilities, Weirdness & Mutations

You are immune to sickness and miasma.
Your stone body is resilient. (AC +4)
You are immune to poison.
You resist negative energy. (rN+)
You are resistant to electric shocks. (rElec)
You are resistant to unholy torment.
You are immune to petrification.


   Skills:
 - Level 3.0 Fighting
 + Level 5.7 Ranged Weapons
 - Level 1.0 Armour
 - Level 1.5 Dodging
 - Level 1.1 Stealth


You had 4 spell levels left.
You didn't know any spells.
Your spell library was empty.

Inventory:

Hand Weapons
 Y - a +0 shortbow (weapon)
Armour
 a - a +0 ring mail (worn)
 c - a +0 pair of gloves
 l - a +1 helmet (worn)
Jewellery
 d - an amulet of guardian spirit (around neck)
Scrolls
 e - a scroll of identify
Potions
 b - 2 potions of curing
 f - a potion of haste {unknown}
 g - a potion of lignification {unknown}
 h - a potion of degeneration {unknown}
 i - 3 potions of heal wounds {unknown}
 j - a potion of brilliance {unknown}
 m - a potion of mutation {unknown}

Dungeon Overview and Level Annotations

Branches:
Dungeon (4/15)
 Temple: D:4-7

Altars:
Xom

Shops:
D:3 !


Message History

You shoot an arrow. The arrow hits the gnoll bouda.
The gnoll bouda is moderately wounded.
The gnoll bouda hits you with a +0 club.
The gnoll hits you but does no damage.
You shoot an arrow.
The arrow closely misses the gnoll bouda.
The arrow completely misses the gnoll.
The arrow hits the gnoll.
The gnoll is heavily wounded.
The gnoll is no longer moving quickly.
The gnoll bouda barks out a call to the hunt!
The gnoll picks up the pace!
The gnoll misses you.
You shoot an arrow. The arrow hits the gnoll bouda.
The gnoll bouda is heavily wounded.
The gnoll is no longer moving quickly.
The gnoll bouda hits you with a +0 club.
The gnoll hits you but does no damage.
The gnoll bouda hits you with a +0 club.
You shoot an arrow. The arrow hits the gnoll bouda!
You kill the gnoll bouda!
The gnoll is no longer moving quickly.
The gnoll hits you but does no damage. x2
You have reached level 5!
You shoot an arrow. The arrow hits the gnoll.
The gnoll is lightly wounded.
Your attacks no longer feel as feeble.
The gnoll hits you with a +0 club. The gnoll hits you but does no damage.
You shoot an arrow. The arrow hits the gnoll.
The gnoll is moderately wounded.
The gnoll is no longer moving quickly.
The gnoll hits you but does no damage. The gnoll misses you.
The gnoll hits you with a +0 club.
You shoot an arrow.
The arrow hits the gnoll but does no damage.
The gnoll is moderately wounded.
The gnoll hits you from afar with a +0 spear.
The gnoll barely misses you.
You shoot an arrow.
The arrow hits the gnoll but does no damage.
The gnoll is moderately wounded.
The gnoll hits you from afar with a +0 spear.
You die...

.. ..# # .##.#
.#.#.####
#..$....##
#.##.#......###
.g.............
#g.g..ggg...#
##### #g# #
...###@#######
#.####.#........>#
#.#......#.#.....#
.....#.........).#
#.#........#.....#
#.#......###.....#
#.....).......####
#.........#####
#.##..#...#


You could see 4 gnolls.

Vanquished Creatures
  A gnoll bouda (D:4)
  Natasha (D:2)
  Robin (D:3)
  A worm (D:4)
  5 ball pythons
  4 endoplasms
  A giant cockroach (D:3)
  8 hobgoblins
  2 quokkas
  6 bats
  16 goblins
  A rat (D:1)
47 creatures vanquished.

Notes
Turn   | Place    | Note
-------+----------+-------------------------------------------
     0 | D:1      | qw the Gargoyle Hunter began the quest for the Orb.
     0 | D:1      | Reached XP level 1. HP: 12/12 MP: 1/1
     0 | D:1      | 0 ||| qw: Version: 0.3-a-76-g4403597
     0 | D:1      | 0 ||| qw: Game counter: 902
     0 | D:1      | 0 ||| qw: Melee chars always use a shield: true
     0 | D:1      | 0 ||| qw: God list: Okawaru
     0 | D:1      | 0 ||| qw: Allow faded altars: false
     0 | D:1      | 0 ||| qw: Do Orc after clearing Dungeon:15 true
     0 | D:1      | 0 ||| qw: Do second Lair branch before Depths: true
     0 | D:1      | 0 ||| qw: Lair rune preference: random
     0 | D:1      | 0 ||| qw: Goals: Normal
     0 | D:1      | 0 ||| PLANNING D:1-11
   202 | D:1      | Reached XP level 2. HP: 17/17 MP: 2/2
   626 | D:1      | You fall into a shaft and drop 1 floor!
   627 | D:2      | 627 ||| READING scroll labelled XURORA COCIYH.
   628 | D:2      | 628 ||| READING 2 scrolls labelled OLIBYD XEENY.
   629 | D:2      | 629 ||| READING scroll labelled ALER UNEAKU METO.
   630 | D:2      | 630 ||| DROPPING scroll of butterflies.
   632 | D:2      | 632 ||| FLEEEEING.
   633 | D:2      | 633 ||| STAIRDANCE
  1019 | D:2      | Found a shimmering altar of Xom.
  1075 | D:2      | Reached XP level 3. HP: 21/21 MP: 3/3
  1099 | D:2      | Noticed Natasha
  1103 | D:2      | Killed Natasha
  1104 | D:2      | Reached skill level 5 in Ranged Weapons
  1160 | D:2      | 1160 ||| UPGRADING to +0 ring mail.
  1170 | D:2      | 1170 ||| DROPPING +0 leather armour.
  1171 | D:2      | 1171 ||| UPGRADING to amulet of guardian spirit.
  1176 | D:2      | 1176 ||| READING scroll labelled SAUNLY ICYKI.
  1177 | D:2      | 1177 ||| DRINKING 2 white potions.
  1229 | D:3      | Found Foibaul's Distillery.
  1242 | D:3      | 1242 ||| BUYING potion of curing (36 gold).
  1242 | D:3      | Bought a potion of curing for 36 gold pieces
  1242 | D:3      | 1242 ||| SHOPLISTING potion of enlightenment (60 gold, have
                  | 31).
  1242 | D:3      | 1242 ||| SHOPLISTING potion of heal wounds (60 gold, have
                  | 31).
  1242 | D:3      | 1242 ||| SHOPLISTING potion of might (48 gold, have 31).
  1242 | D:3      | 1242 ||| SHOPLISTING potion of mutation (96 gold, have 31).
  1663 | D:3      | Reached XP level 4. HP: 26/26 MP: 4/4
  1684 | D:3      | Reached skill level 1 in Armour
  1718 | D:3      | Noticed Robin
  1733 | D:3      | Killed Robin
  2043 | D:3      | 2043 ||| DROPPING scarf of harm.
  2044 | D:3      | 2044 ||| UPGRADING to +1 helmet.
  2049 | D:3      | 2049 ||| READING 2 scrolls labelled UCAL JIACLE.
  2050 | D:3      | 2050 ||| READING scroll labelled EVUFOR FYERA.
  2051 | D:3      | 2051 ||| DROPPING scroll of blinking.
  2111 | D:4      | Reached skill level 3 in Fighting
  2154 | D:4      | 2154 ||| RETREATING.
  2164 | D:4      | HP: 6/28 [gnoll bouda/+0 club (5)]
  2166 | D:4      | Reached XP level 5. HP: 8/32 MP: 1/5
  2168 | D:4      | HP: 1/32 [gnoll/+0 spear[a gnoll bouda] (4)]
  2169 | D:4      | Slain by a gnoll

Levels and vault maps discovered:
D:1:      ebering_hopf_link, layout_basic
D:2:      layout_rooms, basic_altar, uniq_natasha
D:3:      layout_loops_corners, serial_shops, nicolae_shop_industrial_runoff,
          uniq_robin
D:4:      layout_loops_cross, serial_glass, glass_columns_a, glass_columns_b,
          feat_on_display, minmay_strange_pillars, minmay_liquid_box

Skill      XL: |  1  2  3  4 |
---------------+-------------+-----
Ranged Weapons | 5 |  5.7
Armour         | 1 |  1.0
Fighting       | 3 |  3.0
Dodging        | |  1.5
Stealth        | |  1.1

Action                     |  1- 3 |  4- 6 || total
---------------------------+-------+-------++-------
   Fire: Shortbow          |    97 |    70 ||   167
    Use: Scroll            |     4 |     2 ||     6
         Potion            |     1 |       ||     1
 Armour: Leather armour    |    18 |       ||    18
         Ring mail         |     7 |    35 ||    42
  Dodge: Dodged            |    25 |    24 ||    49

Table legend:
 A = Non-vault XP
 B = Vault XP
 C = Vault XP percentage of total XP
 D = Non-vault monster count
 E = Vault monster count
 F = Vault count percentage of total count
                 A         B        C        D         E       F
            +---------+---------+-------+---------+---------+-------
      Total |     101 |      69 |  40.6 |      35 |      12 |  25.5
            +---------+---------+-------+---------+---------+-------
        D:1 |      25 |       0 |   0.0 |      15 |       0 |   0.0
        D:2 |      11 |      36 |  76.6 |       7 |       1 |  12.5
        D:3 |      12 |      33 |  73.3 |       6 |      11 |  64.7
        D:4 |      53 |       0 |   0.0 |       7 |       0 |   0.0
            +---------+---------+-------+---------+---------+-------
